Map: Eternal Empire LE

Players

Serral - Winner!

  • Race: Zerg Zerg
  • Spawn Location: 7:00

soO

  • Race: Zerg Zerg
  • Spawn Location: 1:00

Event: StayAtHomestory Cup #1

VOD

Have the link to the VOD?

Description

Time

  • Played on: April 11, 2020, 1:43 p.m.
  • Length: 8:44

All games in this series

Show
View Real Time Build Order
Export as new Build Order

Serral Zerg - Winner!

Build Orders: Hatch First 

Get SALT Encoding   

  12  0:00  Drone  
  13  0:12  Overlord  
  13  0:17  Drone  
  14  0:30  Drone x2  
  16  0:47  Hatchery  
  15  0:51  Drone  
  15  0:55  Drone  
  17  0:58  Drone  
  18  1:08  Extractor  
  17  1:13  Spawning Pool  
  17  1:16  Drone  
  17  1:20  Drone  
  18  1:28  Drone  
  19  1:38  Drone  
  20  1:49  Drone  
  21  1:59  Overlord  
  21  2:00  Queen x2  
  21  2:01  Zergling x2  
  26  2:08  Metabolic Boost  
  26  2:10  Drone  
  26  2:12  Drone  
  28  2:21  Drone x2  
  30  2:34  Hatchery  
  30  2:36  Drone  
  30  2:39  Drone  
  31  2:45  Baneling Nest  
  31  2:47  Drone  
  31  2:51  Overlord  
  31  2:55  Drone  
  31  2:56  Zergling x2  
  33  3:04  Drone x2  
  35  3:09  Drone  
  35  3:10  Drone x3  
  40  3:12  Zergling x2  
  40  3:17  Overlord  
  40  3:21  Zergling x2  
  40  3:22  Zergling x2  
  42  3:31  Drone x2  
  44  3:34  Queen  
  44  3:37  Evolution Chamber  
  44  3:40  Drone x3  
  48  3:45  Lair  
  48  3:47  Extractor  
  48  3:48  Baneling  
  47  3:49  Drone  
  47  3:52  Overlord  
  47  3:55  Zergling x2  
  48  3:56  Drone  
  48  3:58  Drone  
  50  4:04  Zerg Missile Weapons Level 1  
  50  4:05  Drone x2  
  50  4:06  Drone  
  53  4:12  Roach Warren  
  53  4:15  Drone x2  
  54  4:18  Extractor  
  54  4:20  Drone x2  
  54  4:21  Drone  
  54  4:23  Drone  
  57  4:24  Drone  
  57  4:26  Drone  
  59  4:31  Drone x3  
  59  4:33  Drone  
  59  4:36  Extractor  
  59  4:37  Drone  
  59  4:38  Extractor, Drone  
  63  4:40  Overlord  
  63  4:42  Drone  
  65  4:45  Drone x2  
  65  4:47  Overlord  
  65  4:51  Overlord  
  66  4:53  Glial Reconstitution  
  66  5:03  Roach x4  
  66  5:06  Roach x2  
  78  5:11  Roach  
  78  5:12  Roach x2  
  84  5:17  Overlord x2  
  84  5:19  Roach  
  84  5:21  Roach  
  88  5:24  Roach  
  88  5:27  Nydus Network  
  89  5:30  Overlord  
  89  5:35  Overlord  
  89  5:36  Roach x2  
  89  5:40  Roach x2  
  97  5:44  Roach x2  
  97  5:46  Roach  
  97  5:48  Roach  
  97  5:49  Roach  
  107  5:53  Roach x2  
  107  5:56  Overlord  
  111  5:59  Roach  
  111  6:03  Nydus Canal  
  110  6:05  Roach x3  
  110  6:10  Roach x2  
  122  6:11  Roach  
  122  6:17  Roach x2  
  125  6:20  Roach x2  
  125  6:23  Roach x2  
  128  6:26  Nydus Canal  
  128  6:27  Roach  
  128  6:30  Roach  
  128  6:31  Roach  
  116  6:33  Roach  
  116  6:35  Roach  
  112  6:43  Nydus Canal  
  112  6:44  Roach x3  
  112  6:45  Roach  
  112  6:49  Roach x2  
  112  6:50  Roach  
  112  6:53  Roach  
  110  6:55  Roach  
  110  6:58  Roach  
  110  7:00  Nydus Canal  
  106  7:03  Roach  
  106  7:08  Roach x2  
  110  7:13  Roach  
  108  7:16  Nydus Canal  
  108  7:17  Roach  
  108  7:21  Roach x2  
  108  7:22  Roach x2  
  116  7:23  Roach  
  116  7:28  Roach x2  
  116  7:29  Roach  
  116  7:30  Roach  
  116  7:32  Roach  
  116  7:35  Roach  
  116  7:36  Roach  
  122  7:39  Roach  
  122  7:40  Roach  
  122  7:44  Roach  
  122  7:51  Nydus Canal  
  122  7:52  Roach x2  
  122  7:54  Roach  
  122  7:56  Roach  
  122  7:57  Overlord x2  
  126  7:58  Overlord  
  126  8:00  Roach  
  126  8:05  Roach  
  124  8:07  Roach x2  
  124  8:10  Nydus Canal  
  124  8:11  Roach  
  120  8:13  Roach  
  120  8:15  Roach  
Show
View Real Time Build Order
Export as new Build Order

soO Zerg 

Build Orders: Hatch First 

Get SALT Encoding   

  12  0:01  Drone  
  13  0:12  Overlord  
  13  0:17  Drone  
  14  0:31  Drone x2  
  16  0:48  Hatchery  
  15  0:51  Drone  
  15  0:55  Drone  
  17  0:59  Drone  
  18  1:09  Extractor  
  17  1:14  Spawning Pool  
  17  1:18  Drone  
  17  1:21  Drone  
  18  1:29  Drone  
  19  1:39  Drone  
  20  1:50  Drone  
  21  2:00  Queen x2  
  21  2:01  Drone  
  26  2:02  Drone  
  27  2:10  Overlord  
  27  2:11  Drone  
  27  2:13  Metabolic Boost  
  28  2:29  Zergling x2  
  29  2:30  Drone  
  29  2:34  Hatchery  
  29  2:36  Drone  
  30  2:43  Drone x3  
  33  2:52  Baneling Nest  
  33  2:54  Overlord  
  33  2:55  Zergling x2  
  33  3:07  Drone  
  33  3:09  Drone  
  33  3:10  Zergling x2  
  33  3:12  Queen  
  36  3:13  Drone x2  
  36  3:16  Zergling x2  
  36  3:18  Drone  
  36  3:19  Drone  
  43  3:24  Drone  
  44  3:32  Evolution Chamber  
  43  3:36  Drone  
  44  3:47  Drone x6  
  50  3:48  Overlord  
  50  3:58  Zerg Missile Weapons Level 1  
  50  3:59  Overlord  
  49  4:05  Extractor, Overlord  
  49  4:06  Extractor  
  49  4:07  Lair  
  49  4:08  Drone x3  
  49  4:09  Drone x2  
  52  4:11  Drone  
  52  4:13  Drone x2  
  52  4:16  Drone  
  56  4:19  Drone  
  56  4:21  Drone x2  
  56  4:22  Drone x2  
  56  4:24  Drone  
  62  4:30  Roach Warren  
  61  4:31  Drone  
  61  4:33  Overlord  
  61  4:34  Baneling  
  61  4:36  Drone  
  63  4:41  Drone  
  63  4:43  Pneumatized Carapace  
  63  4:45  Zergling x4  
  66  4:46  Drone x3  
  66  4:52  Extractor, Drone  
  69  4:53  Extractor  
  69  4:54  Drone x3  
  69  4:55  Drone  
  72  5:02  Drone x2  
  72  5:05  Drone  
  74  5:11  Glial Reconstitution  
  74  5:13  Extractor  
  73  5:17  Drone x3  
  73  5:18  Drone  
  73  5:19  Overseer  
  73  5:20  Overseer  
  77  5:21  Roach  
  77  5:22  Roach  
  77  5:23  Overlord  
  77  5:26  Overlord  
  77  5:27  Hatchery, Evolution Chamber  
  79  5:29  Overlord  
  79  5:35  Overlord  
  79  5:37  Overlord  
  79  5:42  Roach x5  
  89  5:44  Roach x2  
  89  5:49  Spine Crawler  
  93  5:50  Spine Crawler, Roach x4  
  93  5:54  Roach x2  
  104  6:00  Roach x4  
  112  6:06  Roach x2  
  112  6:09  Ravager x3  
  112  6:10  Roach  
  121  6:22  Overlord  
  121  6:25  Roach x2  
  121  6:29  Roach x2  
  121  6:30  Roach  
  121  6:31  Overlord  
  117  6:33  Overlord  
  117  6:34  Roach  
  117  6:37  Roach x3, Overlord  
  117  6:38  Roach x2  
  117  6:40  Roach  
  117  6:45  Roach  
  117  6:46  Roach  
  119  6:48  Queen  
  119  6:49  Queen  
  119  6:50  Roach  
  115  6:56  Roach x2, Queen  
  115  7:01  Roach  
  117  7:08  Roach x2  
  116  7:10  Ravager  
  116  7:11  Roach, Ravager  
  118  7:20  Roach x2  
  114  7:23  Roach  
  114  7:28  Roach x2  
  114  7:32  Roach  
  102  7:39  Roach  
  102  7:42  Roach  
  99  7:45  Roach  
  99  7:49  Roach  
  99  7:50  Roach  
  92  7:54  Roach  
  86  7:59  Roach  
  86  8:00  Roach  
  86  8:02  Roach x2  
  86  8:04  Roach  
  92  8:07  Roach  
  92  8:08  Roach x2  
  92  8:09  Roach  
  92  8:12  Roach x2  
  90  8:13  Roach  
  90  8:16  Roach  
Tags
 
Add a new tag
Caveats
  • Supply blocks, unpowered buildings, or Contaminate may cause inaccurate times.
  • Supply counts are checked every 10 seconds.